AoeStats
← SeemsFishy

Nomad

509955546Analyzed
4v4 RM · 2d ago on Sep 28, 2026· 26m 49s· 8 players
Game mode
Random Map
Map size
231×231
Population
200
Speed
Normal
Resources
Standard
Victory
Conquest
Starting age
Dark Age
Ending age
Imperial Age
RankedLock teamsTeams togetherTeam positionsShared explorationLock speedFull tech treeHidden civsTurbo modeCheats
Victory
Defeat
🇬🇧 Vikings · United Kingdom
1410
+11
🇩🇪 Franks · Germany
1371
+12
🇺🇸 Mongols · United States
1317
+15
🇦🇷 Berbers · Argentina
1308
+15
🇧🇪 Huns · Belgium
1359
-16
🇧🇪 Jurchens · Belgium
1299
-14
🇧🇪 Bulgarians · Belgium
1288
-13
🇧🇪 Bohemians · Belgium
1207
-10
whitewidow52
4:40 Loom
12:14 Feudal Age
13:18 Feudal Age
17:36 Castle Age
16:50 Double-Bit Axe
22:48 Fletching
24:41 Horse Collar
SeemsFishy
11:14 Loom
13:30 Feudal Age
17:15 Castle Age
22:46 Double-Bit Axe
Replikator
5:55 Loom
15:44 Feudal Age
16:58 Double-Bit Axe
17:33 Gold Mining
20:30 Castle Age
20:04 Scale Barding Armor
24:56 Bow Saw
JUNCAL
12:57 Loom
14:43 Feudal Age
15:51 Double-Bit Axe
20:51 Stone Mining
23:14 Castle Age
21:06 Fishing Lines
22:07 Gold Mining
24:16 Bow Saw
26:32 Wheelbarrow
27:44 Hand Cart
camelthemammel
5:57 Loom
14:01 Feudal Age
23:35 Castle Age
22:11 Wheelbarrow
22:47 Double-Bit Axe
24:18 Fletching
24:29 Padded Archer Armor
24:43 Forging
24:58 Bow Saw
Anomalyflair
3:39 Loom
13:09 Feudal Age
14:43 Double-Bit Axe
19:22 Castle Age
18:08 Padded Archer Armor
18:31 Fletching
22:59 Bow Saw
Texbi
4:34 Loom
13:10 Feudal Age
13:48 Town Watch
16:23 Fletching
22:41 Castle Age
PetsSs
10:15 Loom
12:27 Feudal Age
17:18 Castle Age
Connection lost

Rejoining the realm…

Still unreachable

The connection could not be restored.

Session expired

The server has moved on; the page needs a fresh start.